Map: Lerilak Crest

Players

AgCl

  • Race: Protoss Protoss

SorC - Winner!

  • Race: Protoss Protoss

VOD

Have the link to the VOD?

Description

Time

  • Played on: May 4, 2015, 2:58 a.m.
  • Length: 14:36
Show
View Real Time Build Order
Export as new Build Order

AgCl Protoss 

Build Orders: 1 Gate Expand, Oracle Opening, Oracle Opening 

Get SALT Encoding   

  12  0:02  Probe  
  13  0:14  Probe  
  14  0:31  Pylon  
  15  0:55  Probe (Chrono Boost), Assimilator  
  15  0:59  Gateway  
  15  1:07  Probe (Chrono Boost)  
  16  1:14  Probe (Chrono Boost)  
  17  1:24  Probe (Chrono Boost)  
  18  1:31  Probe (Chrono Boost)  
  19  1:41  Probe  
  19  1:43  Nexus  
  20  1:49  Cybernetics Core  
  20  1:54  Probe  
  20  1:55  Assimilator  
  21  2:04  Pylon  
  21  2:06  Probe (Chrono Boost)  
  22  2:22  Probe (Chrono Boost)  
  23  2:27  Stargate  
  23  2:33  Probe (Chrono Boost)  
  23  2:35  Warp Gate  
  24  2:40  Probe (Chrono Boost)  
  26  2:54  Probe (Chrono Boost)  
  26  2:55  Probe (Chrono Boost)  
  27  3:05  Probe (Chrono Boost)  
  29  3:06  Probe (Chrono Boost)  
  29  3:12  Mothership Core  
  31  3:15  Probe  
  31  3:16  Assimilator  
  31  3:18  Oracle (Chrono Boost)  
  35  3:25  Pylon  
  35  3:27  Probe  
  35  3:33  Probe (Chrono Boost)  
  37  3:43  Probe (Chrono Boost)  
  37  3:44  Twilight Council  
  37  3:45  Probe (Chrono Boost)  
  38  3:55  Probe x2 (Chrono Boost)  
  40  3:56  Void Ray  
  40  3:59  Assimilator  
  46  4:03  Probe (Chrono Boost)  
  46  4:07  Forge  
  46  4:08  Probe (Chrono Boost)  
  46  4:14  Pylon  
  46  4:15  Probe (Chrono Boost)  
  48  4:18  Probe (Chrono Boost)  
  49  4:26  Probe (Chrono Boost)  
  49  4:27  Dark Shrine  
  49  4:29  Probe (Chrono Boost)  
  50  4:36  Gateway  
  50  4:38  Probe  
  51  4:44  Probe  
  52  4:57  Probe  
  53  5:03  Probe  
  54  5:09  Nexus  
  54  5:10  Probe  
  54  5:11  Pylon, Phoenix (Chrono Boost), Assimilator  
  57  5:19  Probe  
  58  5:38  Photon Cannon  
  58  5:39  Protoss Ground Weapons Level 1 (Chrono Boost)  
  58  5:45  Probe (Chrono Boost)  
  59  5:50  Probe (Chrono Boost)  
  59  5:54  Gateway  
  59  5:55  Pylon  
  61  6:00  Probe x2 (Chrono Boost)  
  61  6:04  Pylon  
  62  6:07  Probe (Chrono Boost)  
  63  6:17  Probe (Chrono Boost)  
  65  6:18  Probe (Chrono Boost)  
  65  6:19  Protoss Air Weapons Level 1 (Chrono Boost)  
  65  6:23  Probe (Chrono Boost)  
  68  6:26  Fleet Beacon  
  68  6:29  Probe (Chrono Boost)  
  68  6:30  Probe (Chrono Boost), Pylon  
  68  6:31  Probe (Chrono Boost)  
  69  6:45  Gateway  
  69  6:46  Pylon  
  69  6:47  Probe  
  69  6:48  Dark Templar x2  
  74  6:57  Probe  
  75  7:07  Dark Templar  
  77  7:13  Probe (Chrono Boost)  
  77  7:15  Photon Cannon  
  80  7:18  Probe (Chrono Boost)  
  80  7:21  Probe (Chrono Boost), Zealot, Carrier (Chrono Boost), Dark Templar  
  80  7:47  Stargate  
  80  7:48  Graviton Catapult (Chrono Boost)  
  80  7:50  Pylon, Stargate  
  80  7:52  Probe  
  80  7:54  Assimilator  
  80  7:56  Probe, Photon Cannon  
  82  7:59  Pylon  
  82  8:00  Probe  
  85  8:13  Probe (Chrono Boost)  
  85  8:14  Probe (Chrono Boost)  
  85  8:15  Probe (Chrono Boost)  
  85  8:16  Carrier x2 (Chrono Boost)  
  85  8:19  Protoss Air Weapons Level 2 (Chrono Boost)  
  83  8:22  Carrier (Chrono Boost)  
  83  8:25  Probe (Chrono Boost)  
  86  8:28  Probe (Chrono Boost)  
  86  8:29  Probe (Chrono Boost)  
  86  8:36  Probe  
  105  8:41  Protoss Ground Weapons Level 2 (Chrono Boost)  
  105  8:52  Pylon, Robotics Facility  
  105  8:55  Nexus  
  105  8:58  Pylon  
  105  9:08  Charge (Chrono Boost)  
  106  9:10  Probe  
  106  9:13  Probe, Carrier (Chrono Boost)  
  106  9:16  Zealot  
  106  9:17  Zealot x2  
  111  9:20  Probe  
  114  9:30  Void Ray (Chrono Boost)  
  118  9:59  Carrier x2 (Chrono Boost)  
  116  10:17  Dark Templar x3  
  135  10:28  Probe  
  135  10:29  Probe x2  
  135  10:31  Assimilator  
  135  10:35  Assimilator  
  137  10:38  Pylon  
  137  10:39  Gateway  
  137  10:40  Probe  
  137  10:41  Carrier (Chrono Boost)  
  138  10:43  Gateway x2  
  138  10:44  Pylon x2  
  138  10:47  Gateway  
  138  10:52  Protoss Air Weapons Level 3 (Chrono Boost)  
  138  10:55  Probe  
  139  11:09  Protoss Ground Weapons Level 3 (Chrono Boost)  
  139  11:12  Carrier (Chrono Boost)  
  139  11:22  Probe  
  140  11:26  Pylon  
  140  11:27  Pylon x2  
  140  11:28  Nexus, Assimilator  
  140  11:31  Probe, Pylon  
  140  11:32  Pylon  
  147  11:40  Carrier x2 (Chrono Boost)  
  147  11:45  Photon Cannon  
  147  11:47  Pylon  
  147  11:54  Gateway  
  147  11:56  Gateway  
  147  11:58  Pylon  
  159  12:01  Gateway  
  159  12:02  Observer (Chrono Boost)  
  159  12:04  Gateway  
  159  12:06  Dark Templar x2  
  164  12:16  Observer (Chrono Boost)  
  165  12:29  Assimilator  
  165  12:37  Pylon  
  165  12:39  Dark Templar x2  
  165  12:40  Dark Templar x2  
  165  12:43  Zealot x3  
  165  12:44  Zealot  
  181  12:51  Archon x3  
  181  12:57  Zealot x3, Pylon  
  187  13:05  Gateway  
  187  13:07  Forge  
  187  13:08  Pylon  
  187  13:11  Carrier (Chrono Boost)  
  187  13:16  Cybernetics Core  
  187  13:18  Pylon, Photon Cannon  
  187  13:20  Photon Cannon  
  187  13:27  Gateway  
  190  13:36  Zealot x5  
  197  13:50  Dark Templar  
  197  13:52  Dark Templar  
  170  14:15  Archon  
Show
View Real Time Build Order
Export as new Build Order

SorC Protoss - Winner!

Build Orders: 1 Gate Expand, Oracle Opening, Oracle Opening 

Get SALT Encoding   

  12  0:00  Probe  
  13  0:14  Pylon  
  13  0:18  Probe  
  14  0:32  Probe (Chrono Boost)  
  15  0:39  Gateway  
  15  0:41  Probe (Chrono Boost)  
  16  0:49  Probe, Assimilator  
  17  1:01  Probe (Chrono Boost)  
  18  1:13  Probe (Chrono Boost)  
  19  1:24  Nexus  
  19  1:30  Cybernetics Core  
  19  1:32  Probe  
  20  1:40  Assimilator  
  20  1:44  Assimilator  
  20  1:45  Probe  
  21  2:00  Probe, Pylon  
  22  2:09  Gateway  
  22  2:18  Probe  
  22  2:21  Warp Gate (Chrono Boost)  
  23  2:31  Probe (Chrono Boost)  
  24  2:38  Probe (Chrono Boost)  
  24  2:43  Probe (Chrono Boost)  
  26  2:49  Probe (Chrono Boost)  
  26  2:51  Probe (Chrono Boost)  
  28  2:52  Pylon  
  28  2:56  Stargate  
  28  2:58  Stalker  
  28  3:00  Probe  
  28  3:02  Probe  
  32  3:12  Assimilator  
  32  3:13  Probe (Chrono Boost)  
  32  3:15  Probe (Chrono Boost)  
  34  3:25  Mothership Core (Chrono Boost)  
  36  3:37  Probe  
  37  3:45  Pylon  
  37  3:49  Oracle (Chrono Boost)  
  37  3:51  Probe x2  
  42  3:57  Assimilator  
  42  4:01  Nexus  
  42  4:05  Pylon  
  42  4:07  Probe x2  
  44  4:18  Forge, Oracle (Chrono Boost)  
  44  4:19  Probe  
  48  4:25  Probe (Chrono Boost)  
  49  4:32  Probe (Chrono Boost)  
  49  4:37  Probe (Chrono Boost)  
  51  4:41  Probe (Chrono Boost), Stargate  
  51  4:44  Probe (Chrono Boost)  
  53  4:48  Probe  
  53  4:52  Void Ray  
  53  4:55  Probe  
  57  5:00  Probe  
  58  5:09  Probe  
  58  5:13  Probe, Pylon  
  60  5:19  Photon Cannon  
  60  5:21  Photon Cannon  
  60  5:23  Probe x2  
  62  5:35  Void Ray (Chrono Boost)  
  62  5:38  Photon Cannon  
  62  5:39  Photon Cannon  
  62  5:41  Void Ray (Chrono Boost)  
  70  5:45  Protoss Air Weapons Level 1  
  70  5:57  Assimilator  
  70  6:01  Pylon  
  70  6:16  Probe x2  
  72  6:20  Void Ray x2 (Chrono Boost)  
  72  6:21  Photon Cannon  
  80  6:28  Fleet Beacon  
  77  6:39  Probe  
  79  6:40  Probe  
  79  6:48  Stargate  
  79  6:49  Stargate  
  79  6:50  Photon Cannon  
  79  6:51  Photon Cannon  
  79  6:52  Probe (Chrono Boost), Pylon  
  82  6:55  Probe x2 (Chrono Boost)  
  86  7:01  Carrier (Chrono Boost)  
  86  7:06  Void Ray (Chrono Boost)  
  86  7:08  Probe (Chrono Boost)  
  87  7:16  Assimilator  
  87  7:19  Photon Cannon  
  87  7:21  Probe x2  
  87  7:22  Probe  
  90  7:29  Graviton Catapult  
  96  7:33  Probe x2  
  98  7:38  Carrier (Chrono Boost)  
  98  7:46  Photon Cannon  
  98  7:47  Probe x2  
  106  8:07  Pylon x2  
  106  8:08  Carrier (Chrono Boost)  
  106  8:09  Pylon  
  106  8:10  Pylon, Carrier (Chrono Boost)  
  106  8:11  Carrier (Chrono Boost)  
  106  8:23  Nexus  
  112  8:28  Pylon  
  112  8:29  Probe  
  112  8:30  Probe  
  126  8:43  Protoss Air Weapons Level 2  
  126  8:46  Carrier (Chrono Boost)  
  126  8:49  Photon Cannon  
  126  8:51  Photon Cannon  
  126  8:52  Pylon  
  126  9:03  Probe x2  
  126  9:06  Pylon  
  126  9:08  Pylon  
  134  9:11  Protoss Shields Level 1  
  134  9:13  Carrier (Chrono Boost)  
  134  9:24  Carrier (Chrono Boost)  
  140  9:38  Pylon  
  140  9:39  Pylon  
  146  9:46  Probe x3  
  146  9:47  Probe  
  146  9:51  Photon Cannon  
  150  9:58  Probe x2  
  150  10:02  Carrier (Chrono Boost)  
  150  10:04  Carrier (Chrono Boost)  
  148  10:11  Carrier (Chrono Boost)  
  148  10:13  Probe x2  
  150  10:15  Probe x2  
  150  10:19  Photon Cannon  
  152  10:23  Photon Cannon  
  152  10:24  Photon Cannon  
  170  10:37  Carrier (Chrono Boost)  
  170  10:48  Protoss Air Weapons Level 3 (Chrono Boost)  
  170  10:54  Carrier (Chrono Boost)  
  170  10:56  Photon Cannon x2  
  170  10:59  Photon Cannon  
  170  11:01  Assimilator  
  176  11:06  Assimilator  
  176  11:08  Twilight Council  
  176  11:22  Probe x2  
  183  11:35  Pylon  
  183  11:36  Protoss Shields Level 2 (Chrono Boost), Pylon  
  189  12:00  Photon Cannon  
  189  12:03  Void Ray (Chrono Boost), Photon Cannon x2  
  189  12:05  Photon Cannon  
  193  12:09  Void Ray (Chrono Boost)  
  193  12:12  Oracle (Chrono Boost)  
  200  13:00  Nexus  
  200  13:11  Photon Cannon  
  200  13:12  Photon Cannon  
  199  13:14  Photon Cannon  
  199  13:20  Photon Cannon  
  199  13:27  Gateway  
  199  13:28  Gateway  
  199  13:30  Gateway  
  199  13:32  Gateway  
  199  13:33  Gateway  
  199  13:37  Gateway  
  199  13:51  Nexus  
  199  13:53  Pylon  
  199  13:54  Pylon  
  199  13:58  Pylon  
  199  14:01  Pylon  
  199  14:04  Pylon  
  199  14:07  Assimilator  
  197  14:11  Assimilator  
Tags
 
Add a new tag
Caveats
  • Supply blocks, unpowered buildings, or Contaminate may cause inaccurate times.
  • Supply counts are checked every 10 seconds.